 Dungeon Crawl Stone Soup version 0.24-a0-479-g9a978d2894 (webtiles) character file.

Game seed: 15106885410081014591

4036 Azzok the Thaumaturge (level 10, -1/50 HPs)
             Began as a Deep Elf Earth Elementalist on July 6, 2019.
             Was a Follower of Vehumet.
             Slain by a killer bee (6 damage)
             ... on level 8 of the Dungeon.
             The game lasted 00:10:36 (9315 turns).

Azzok the Thaumaturge (Deep Elf Earth Elementalist) Turns: 9315, Time: 00:10:37

Health: -1/50      AC:  3    Str:  5    XL:     10   Next: 4%
Magic:  22/26      EV: 13    Int: 24    God:    Vehumet [*.....]
Gold:   557        SH:  0    Dex: 15    Spells: 21/30 levels left

rFire    . . .     SeeInvis .   j - +2 dagger (venom)
rCold    . . .     Gourm    .   (no shield)
rNeg     . . .     Faith    .   c - +0 robe
rPois    +         Spirit   .   D - +0 helmet
rElec    .         Reflect  .   (no cloak)
rCorr    .         Harm     .   (no gloves)
MR       ++...                  (no boots)
Stlth    ++........             h - amulet of the acrobat
HPRegen  0.16/turn              v - ring of poison resistance
MPRegen  0.20/turn              w - ring of protection from magic

@: no status effects
A: no striking features
a: Renounce Religion


You were on level 8 of the Dungeon.
You worshipped Vehumet.
Vehumet was aware of your devotion.
You were not hungry.

You visited 2 branches of the dungeon, and saw 9 of its levels.

You collected 557 gold pieces.

Inventory:

Hand Weapons
 j - a +2 dagger of venom (weapon)
Missiles
 b - 180 stones (quivered)
Armour
 c - a +0 robe (worn)
 D - a +0 helmet (worn)
Jewellery
 h - an amulet of the acrobat (around neck)
 m - an uncursed ring of positive energy
 v - a ring of poison resistance (left hand)
 w - a ring of protection from magic (right hand)
Wands
 o - a wand of scattershot (4)
 u - a wand of disintegration (18)
 y - a wand of polymorph (6)
Scrolls
 a - 6 scrolls of enchant armour
 f - a scroll of silence {unknown}
 l - 4 scrolls of amnesia {unknown}
 n - a scroll of immolation {unknown}
 p - 2 scrolls of teleportation {unknown}
 q - 2 scrolls of fog
 r - a scroll of magic mapping {unknown}
 s - a scroll of remove curse
 B - 2 scrolls of enchant weapon {unknown}
Potions
 e - 3 potions of haste
 g - 3 potions of mutation {!q}
 i - a potion of lignification
 k - 4 potions of curing
 t - 2 potions of agility
 x - 2 potions of berserk rage
 z - 2 potions of flight
 A - 2 potions of invisibility {unknown}
 C - a potion of resistance {unknown}
 F - 2 potions of heal wounds {unknown}
Comestibles
 d - 10 rations
 E - 4 chunks of flesh


   Skills:
 + Level 2.4 Dodging
 - Level 2.4 Stealth
 + Level 10.6 Spellcasting
 + Level 8.1 Conjurations
   Level 1.1 Transmutations
 + Level 9.2 Earth Magic
 + Level 5.9 Evocations


You had 21 spell levels left.
You knew the following spells:

 Your Spells              Type           Power        Failure   Level  Hunger
a - Sandblast             Erth           ######       1%          1    None
b - Stone Arrow           Conj/Erth      ######       1%          3    None
d - Lee's Rapid Deconstr  Erth           ######....   3%          5    ####...

Your spell library contained the following spells:

 Spells                   Type           Power        Failure   Level  Hunger
 Flame Tongue             Conj/Fire      ####.        1%          1    None
 Passwall                 Tmut/Erth      #####...     1%          2    None
 Petrify                  Tmut/Erth      #####...     6%          4    None


Dungeon Overview and Level Annotations

Branches:
Dungeon (8/15)             Temple (1/1) D:7
   Lair: D:8-11

Altars:
Cheibriados
Elyvilon
Hepliaklqana
Kikubaaqudgha
Okawaru
Ru
Trog
Vehumet
Xom
Zin


Message History

The blast of sand misses the killer bee.
b - 181 stones The killer bee closely misses you.
The killer bee stings you but does no damage.
The killer bee stings you. x2
The killer bee stings you but does no damage.
The killer bee stings you!
* * * LOW HITPOINT WARNING * * *
Casting: Sandblast (safe; 1% risk of failure)
Confirm with . or Enter, or press ? or * to list all spells.
Aiming: Sandblast (safe; 1% risk of failure)
Press: ? - help, Shift-Dir - straight line, f/p - killer bee
Aim: a killer bee The blast of sand hits the killer bee!
The killer bee is severely wounded.
b - 180 stones The killer bee stings you.
* * * LOW HITPOINT WARNING * * *
The killer bee stings you.
You die...

····· ··y·········▒······
····· ····y·······'······
····· ····y·······▒ ·····
····· ····)·······▒······
··▒▒▒▒▒▒▒▒▒▒▒▒'▒·····▒······
··▒············▒·····'······
··▒············▒·····▒····
·>▒············▒yy···▒ ▒
··▒▒▒▒▒▒▒····▒▒▒@y···▒
▒▒▒····▒▒····▒·······▒
▒······▒·····▒·······▒
▒······▒·····▒·······▒
▒······▒·····'·······▒
▒▒▒·<··▒▒····▒·······▒
▒▒▒'▒▒▒▒▒····▒·······▒
·············▒·······▒
·······▒▒▒▒▒▒▒·······▒


You could see 3 killer bees.

Vanquished Creatures
  A two-headed ogre (D:8)
  Pikel (D:8)
  Joseph (D:7)
  A hippogriff (D:8)
  5 orc warriors
  A slave (D:8)
  2 sky beasts
  A hornet zombie (D:8)
  2 phantoms
  3 ogres
  A centaur (D:5)
  A big kobold (D:8)
  A bullfrog (D:8)
  A wyvern skeleton (D:8)
  A scorpion (D:3)
  A killer bee (D:8)
  3 wights (D:7)
  3 crimson imps
  A quasit (D:7)
  2 bullfrog skeletons
  A bullfrog zombie (D:5)
  3 jellies
  An orc priest (D:8)
  A centaur skeleton (D:5)
  2 iguanas
  5 orc wizards
  Natasha (twice) (D:4)
  3 worker ants
  2 hound skeletons
  6 adders
  2 shadow imps
  An ooze (D:6)
  An adder skeleton (D:7)
  3 worms
  3 leopard geckos
  29 orcs
  2 ball pythons
  A giant cockroach (D:3)
  6 goblins
  3 hobgoblins
  3 jackals (D:2)
  7 quokkas
  10 bats
  4 frilled lizards
  12 kobolds
  11 rats
157 creatures vanquished.

Vanquished Creatures (others)
  A slave (D:8)
  An orc (D:8)
  A kobold (D:8)
3 creatures vanquished.

Grand Total: 160 creatures vanquished

Notes
Turn   | Place    | Note
-------+----------+-------------------------------------------
     0 | D:1      | Azzok the Deep Elf Earth Elementalist began the quest for
                  | the Orb.
     0 | D:1      | Reached XP level 1. HP: 10/10 MP: 6/6
   273 | D:1      | Reached XP level 2. HP: 15/15 MP: 5/8
   867 | D:2      | Reached skill level 4 in Spellcasting
   867 | D:2      | Reached XP level 3. HP: 16/19 MP: 6/10
   872 | D:2      | Learned a level 3 spell: Stone Arrow
  2284 | D:3      | Reached skill level 1 in Conjurations
  2285 | D:3      | Reached XP level 4. HP: 13/24 MP: 2/12
  2799 | D:3      | Found an ancient bone altar of Kikubaaqudgha.
  2976 | D:3      | Reached skill level 5 in Spellcasting
  2999 | D:3      | Reached XP level 5. HP: 28/28 MP: 14/14
  3053 | D:3      | Learned a level 5 spell: Lee's Rapid Deconstruction
  3424 | D:4      | Noticed an ogre
  3430 | D:4      | Killed an ogre
  3430 | D:4      | Reached skill level 5 in Earth Magic
  3535 | D:4      | Noticed a phantom
  3547 | D:4      | Killed a phantom
  3547 | D:4      | Reached XP level 6. HP: 26/32 MP: 6/16
  3671 | D:4      | Noticed Natasha
  3676 | D:4      | Killed Natasha
  3676 | D:4      | Reached skill level 6 in Spellcasting
  3875 | D:4      | Found a faded altar of an unknown god.
  3875 | D:4      | Found a snail-covered altar of Cheibriados.
  3923 | D:4      | Found a sacrificial altar of Ru.
  3925 | D:4      | Found a faded altar of an unknown god.
  3927 | D:4      | Found a white marble altar of Elyvilon.
  4085 | D:4      | Noticed Natasha
  4087 | D:4      | Killed Natasha
  4232 | D:5      | Entered Level 5 of the Dungeon
  4447 | D:5      | Reached XP level 7. HP: 15/36 MP: 1/19
  4940 | D:5      | Reached skill level 7 in Spellcasting
  5461 | D:5      | Found a glowing silver altar of Zin.
  5533 | D:6      | Reached skill level 5 in Conjurations
  5899 | D:6      | Reached XP level 8. HP: 41/41 MP: 14/21
  6232 | D:7      | Reached skill level 8 in Spellcasting
  6232 | D:7      | Reached skill level 1 in Evocations
  6340 | D:7      | Found a staircase to the Ecumenical Temple.
  6360 | Temple   | Entered the Ecumenical Temple
  6453 | Temple   | Became a worshipper of Vehumet
  6495 | D:7      | Found a hazy altar of Hepliaklqana.
  6656 | D:7      | Noticed Joseph
  6665 | D:7      | Killed Joseph
  7113 | D:7      | Reached skill level 9 in Spellcasting
  7181 | D:7      | Found a shimmering altar of Xom.
  7645 | D:8      | Noticed a two-headed ogre
  7652 | D:8      | Killed a two-headed ogre
  7652 | D:8      | Reached XP level 9. HP: 45/45 MP: 14/24
  8168 | D:8      | Reached * piety under Vehumet
  8168 | D:8      | Offered knowledge of Flame Tongue by Vehumet.
  8343 | D:8      | Reached skill level 10 in Spellcasting
  8343 | D:8      | Reached skill level 5 in Evocations
  8867 | D:8      | Noticed Pikel
  8869 | D:8      | Killed Pikel
  9162 | D:8      | Reached XP level 10. HP: 50/50 MP: 16/26
  9315 | D:8      | Slain by a killer bee

Levels and vault maps discovered:
D:1:      dpeg_arrival_central, layout_rooms, minmay_misc_feat_ornament
D:2:      layout_loops_ring
D:3:      cheibrodos_old_hovel, layout_basic, first_ration, lemuel_statue_altar
D:4:      layout_rooms, chequers_temple_overflow_minitemple, uniq_natasha
D:5:      layout_rooms, kennysheep_mini_moat
D:6:      layout_loops_ring, solitary_fountain
D:7:      layout_loops_ring, kennysheep_mini, minmay_temple_entry_large_hall,
          basic_altar, uniq_joseph
D:8:      layout_gridville, special_room [special_room_orc], chequers_jeans,
          uniq_pikel
Temple:   regret_index_temple_sphere_string

Skill      XL: |  1  2  3  4  5  6  7  8  9 |
---------------+----------------------------+-----
Spellcasting   | 4 5 6 7 9 10 | 10.6
Earth Magic    | 4 5 6 8 9 |  9.2
Conjurations   | 1 2 3 4 5 7 8 |  8.1
Evocations     | 4 5 |  5.9
Dodging        | |  2.4
Stealth        | |  2.4
Transmutations | |  1.1

Action                   |  1- 3 |  4- 6 |  7- 9 | 10-12 || total
-------------------------+-------+-------+-------+-------++-------
Melee: Unarmed           |     1 |       |       |       ||     1
       Dagger            |    53 |    17 |     4 |       ||    74
 Cast: Sandblast         |    23 |    17 |     8 |     4 ||    52
       Stone Arrow       |    13 |    39 |   133 |     2 ||   187
       Lee's Rapid Decon |       |       |     3 |       ||     3
  Use: Scroll            |       |       |    13 |       ||    13
 Stab: Sleeping          |     3 |     4 |       |       ||     7
  Eat: Chunk             |     5 |     7 |     9 |       ||    21
       Ration            |       |       |     2 |       ||     2
Armor: Robe              |     4 |       |     1 |     2 ||     7
Dodge: Dodged            |    49 |    11 |    18 |    11 ||    89

Table legend:
 A = Non-vault XP
 B = Vault XP
 C = Vault XP percentage of total XP
 D = Non-vault monster count
 E = Vault monster count
 F = Vault count percentage of total count
                 A         B        C        D         E       F
            +---------+---------+-------+---------+---------+-------
      Total |    4096 |    1671 |  29.0 |     129 |      27 |  17.3
            +---------+---------+-------+---------+---------+-------
        D:1 |      19 |       0 |   0.0 |      12 |       0 |   0.0
        D:2 |      56 |       0 |   0.0 |      27 |       0 |   0.0
        D:3 |     128 |       5 |   3.8 |      21 |       1 |   4.5
        D:4 |     416 |      35 |   7.8 |      12 |       1 |   7.7
        D:5 |     584 |       0 |   0.0 |      13 |       0 |   0.0
        D:6 |     207 |       0 |   0.0 |       8 |       0 |   0.0
        D:7 |     786 |     450 |  36.4 |      17 |       1 |   5.6
        D:8 |    1900 |    1181 |  38.3 |      19 |      24 |  55.8
            +---------+---------+-------+---------+---------+-------
